[Event "Late-Titled-Tuesday-Blitz-June-04-2024"]
[Site "Chess.com"]
[Date "2024.06.04"]
[Round "2"]
[White "xakevicius91"]
[Black "Onischuk_V"]
[Result "1-0"]
[WhiteElo "2569"]
[BlackElo "2846"]
[TimeControl "180+1"]
[EndTime "14:16:46 PDT"]
[Termination "xakevicius91 won by checkmate"]

1. e4 d6 2. d4 Nf6 3. Nc3 g6 4. Nf3 Bg7 5. Bg5 h6 6. Be3 O-O 7. h3 d5 8. e5 Ne4 9. a4 c5 10. Bd3 Nxc3 11. bxc3 c4 12. Be2 Bf5 13. O-O Nc6 14.
Qb1 Rb8 15. Nh4 Bd7 16. Qb2 e6 17. Nf3 a6 18. Nh2 b5 19. axb5 Rxb5 20. Qc1 Kh7 21. Rxa6 Ra5 22. Rxa5 Qxa5 23. Qd2 Rb8 24. Ng4 h5 25. Nh2 Rb2 26. g4 Qa2 27. Bd1 hxg4 28. hxg4 Rb1 29. Kg2 Qa3 30. Nf3 Kg8 31. Rh1 Qf8 32. Ng5 Qe7 33. Nh7 Nxe5 34. dxe5 Bxe5 35. Bd4 Bxd4 36. cxd4 e5 37. Qh6 exd4 38. g5 Rb6 39. Nf6+ Rxf6 40. Qh8# 1-0

[Event "Late-Titled-Tuesday-Blitz-June-04-2024"]
[Site "Chess.com"]
[Date "2024.06.04"]
[Round "2"]
[White "CrushingKings"]
[Black "shimastream"]
[Result "0-1"]
[WhiteElo "2612"]
[BlackElo "3002"]
[TimeControl "180+1"]
[EndTime "14:16:48 PDT"]
[Termination "shimastream won by resignation"]

1. Nf3 d5 2. g3 Nc6 3. d4 Bf5 4. Bg2 Qd7 5. O-O O-O-O 6. c4 dxc4 7. Nc3 Nf6 8. Qa4 e6 9. Rd1 Nd5 10. Qxc4 Nb6 11. Qb3 a6 12. e4 Bg4 13. Be3 Na5 14. Qc2 Nac4 15. Rac1 Bxf3 16. Bxf3 Nxe3 17. fxe3 Kb8 18.
e5 c6 19. Qb3 Ka7 20. Ne4 Nd5 21. Nd2 h5 22. Nc4 Qc7 23. e4 Nb6 24. Ne3 Be7 25.
a4 Bg5 26. Rc3 Bxe3+ 27. Rxe3 Rd7 28. Qb4 h4 29. Qc5 Kb8 30. Ra3 hxg3 31. hxg3 Rdd8 32. b4 f6 33. b5 fxe5 34. bxa6 exd4 35. Rb3 Qxg3+ 36.
Kf1 Rh2 0-1

[Event "Late-Titled-Tuesday-Blitz-June-04-2024"]
[Site "Chess.com"]
[Date "2024.06.04"]
[Round "2"]
[White "ChEsper99"]
[Black "FuenfgegenWilly"]
[Result "0-1"]
[WhiteElo "2235"]
[BlackElo "2496"]
[TimeControl "180+1"]
[EndTime "14:16:48 PDT"]
[Termination "FuenfgegenWilly won by resignation"]

1. d4 d5 2. c4 e5 3. dxe5 d4 4. Nf3 Nc6 5. g3 Nge7 6. Bg2 Ng6 7. O-O Ngxe5 8. Nxe5 Nxe5 9. b3 Bc5 10. Bb2 a5 11. a4 c6 12. Nd2 Bf5 13. Ne4 Bxe4 14. Bxe4 Qd7 15. e3 O-O-O 16. exd4 Bxd4 17. Bxd4 Qxd4 18. Qxd4 Rxd4 19. Rfe1 f6 20. Rad1 Rxd1 21. Rxd1 h6 22. f4 Nf7 23. Bg6 Rd8 24. Re1 Nd6 25. Re7 Rd7 26. Re2 b6 27. Kf2 Kd8 28. h4 Re7 29. Rd2 Kc7 30. Kf3 Nb7 31. Be4 Nc5 32. Bc2 Re1 33.
Re2 Rxe2 34. Kxe2 Kd6 35. Kf3 Na6 36. Kg4 Nb4 37. Be4 Ke7 38. Kh5 Kf7 39. Bg6+ Kf8 40.
Be4 Na6 41. Bxc6 Nc5 42. Kg4 Nxb3 43. Bb5 Ke7 44. Kf3 Nc5 45. Ke3 Kd6 46. Kd4 Nb3+ 47.
Ke4 Ke6 48. Ba6 Nc5+ 49. Kd4 Nxa6 0-1

[Event "Late-Titled-Tuesday-Blitz-June-04-2024"]
[Site "Chess.com"]
[Date "2024.06.04"]
[Round "2"]
[White "Real_taiatai"]
[Black "nitpicker"]
[Result "0-1"]
[WhiteElo "2511"]
[BlackElo "2327"]
[TimeControl "180+1"]
[EndTime "14:16:52 PDT"]
[Termination "nitpicker won by resignation"]

1. e4 c5 2. Nf3 Nc6 3. d4 cxd4 4. Nxd4 Nf6 5. Nc3 d6 6. Be2 e6 7. O-O a6 8. Nb3 Be7 9. Be3 Qc7 10. a4 b6 11. f4 Bb7 12. Bf3 Rb8 13. Qe2 O-O 14. g4 Rfe8 15. g5 Nd7 16. h4 Bf8 17. h5 g6 18. Rf2 Bg7 19. Rh2 Na5 20. Nd4 Nc4 21. Bf2 Nxb2 22. Qe1 Rbc8 23. Nce2 Nc4 24. f5 exf5 25.
exf5 Be5 26. Rh3 Bxf3 27. Nxf3 Bxa1 28. Qxa1 Rxe2 29. hxg6 fxg6 30. fxg6 Nde5 31. gxh7+ Kh8 32. Bg3 Qd7 33. Nxe5 Qxh3 34. Nf7+ Kxh7 0-1

[Event "Late-Titled-Tuesday-Blitz-June-04-2024"]
[Site "Chess.com"]
[Date "2024.06.04"]
[Round "2"]
[White "LeninGuerra"]
[Black "Legit"]
[Result "1-0"]
[WhiteElo "2546"]
[BlackElo "2760"]
[TimeControl "180+1"]
[EndTime "14:16:53 PDT"]
[Termination "LeninGuerra won by checkmate"]

1. e4 c5 2. Nf3 d6 3. b4 Nf6 4.
Bd3 cxb4 5. a3 Nc6 6. O-O g6 7. Re1 Bg7 8. Bb2 O-O 9. axb4 Nxb4 10. Bf1 Nc6 11. d4 Bg4 12. h3 Bxf3 13. Qxf3 Nd7 14.
c3 e5 15. d5 Ne7 16. Nd2 f5 17.
Ba3 Nf6 18. Reb1 b6 19. Qd3 Bh6 20. exf5 gxf5 21. Nc4 Ne4 22. f3 Nc5 23. Bxc5 bxc5 24. Ra6 Ng6 25. Nxd6 e4 26. fxe4 fxe4 27. Qxe4 Qf6 28.
Bd3 Qf2+ 29. Kh1 Bf4 30. Qe6+ Kg7 31. Bxg6 Qg3 32. Qe7+ Kh6 33. Qxh7+ Kg5 34. Ne4# 1-0

[Event "Late-Titled-Tuesday-Blitz-June-04-2024"]
[Site "Chess.com"]
[Date "2024.06.04"]
[Round "2"]
[White "Tol_Tol"]
[Black "arctic_t00"]
[Result "0-1"]
[WhiteElo "2369"]
[BlackElo "2635"]
[TimeControl "180+1"]
[EndTime "14:16:54 PDT"]
[Termination "arctic_t00 won on time"]

1. d4 d5 2. c4 c6 3. Nf3 Nf6 4. Nc3 e6 5. Qd3 Nbd7 6. a3 dxc4 7. Qxc4 Bd6 8. e4 e5 9. Be2 O-O 10. O-O Qc7 11. h3 b5 12. Qb3 exd4 13. Nxd4 a6 14. Nf5 Bh2+ 15. Kh1 Nc5 16. Qc2 Bxf5 17. exf5 Be5 18.
Be3 Ncd7 19. Rac1 Rac8 20. f4 Bd6 21. Ne4 Nxe4 22. Qxe4 Rfe8 23. Qf3 Nf6 24. Bc5 Nd5 25. g3 Bxc5 26. Rxc5 Qe7 27. Rc2 Ne3 28. Rxc6 Nxf1 29. Bxf1 Rxc6 30. Qxc6 Qe4+ 31. Qxe4 Rxe4 32. Kg2 Rd4 33.
a4 Rd2+ 34. Kf3 Rxb2 35. axb5 axb5 36. Ke4 Kf8 37. Kd4 b4 38. Bc4 Ke7 39. g4 f6 40.
h4 h6 41. g5 Kd6 0-1

[Event "Late-Titled-Tuesday-Blitz-June-04-2024"]
[Site "Chess.com"]
[Date "2024.06.04"]
[Round "2"]
[White "Squirlolz"]
[Black "Sacbutt"]
[Result "0-1"]
[WhiteElo "2509"]
[BlackElo "2326"]
[TimeControl "180+1"]
[EndTime "14:16:54 PDT"]
[Termination "Sacbutt won by resignation"]

1. Nf3 Nf6 2. g3 d5 3. Bg2 e6 4. O-O Be7 5. d3 O-O 6. Nbd2 Nbd7 7. e4 c5 8. Re1 dxe4 9. dxe4 Qc7 10. e5 Nd5 11.
Ne4 Nxe5 12. Nd4 cxd4 13. Qxd4 Nc6 14. Qd3 Nf6 15. a3 Nxe4 16. Rxe4 e5 17. Rc4 Be6 18. Rc3 Rad8 19. Qf1 Bd5 20. Be3 Bxg2 21. Qxg2 a6 22. b4 Kh8 23. Rb1 f5 24. a4 Qd7 25. b5 axb5 26. axb5 Nd4 27. Bxd4 exd4 28. Rd3 b6 29. Rbd1 f4 30. Rb3 Bc5 31. Rdd3 fxg3 32. hxg3 Rf7 33. c3 Rdf8 34. cxd4 Rxf2 35. Qxf2 Rxf2 36. Kxf2 Bxd4+ 37. Kg2 Qd5+ 38. Rf3 g5 39. Kf1 Kg7 40. Rbd3 Qxb5 41. Kg2 Bc5 42. g4 Qa4 43. Kh3 Qe4 44. Rc3 h5 45.
Rfd3 Qxg4+ 46. Kh2 Qg1+ 47. Kh3 g4+ 48. Kh4 Qh2+ 49.
Kg5 Be7+ 50. Kf5 Qf2+ 51. Ke6 Qf6+ 52. Kd7 h4 53. Re3 Kf8 54. Rc8+ Kf7 55. Rc6 Qd4+ 56. Kc8 Qxe3 0-1

[Event "Late-Titled-Tuesday-Blitz-June-04-2024"]
[Site "Chess.com"]
[Date "2024.06.04"]
[Round "2"]
[White "andrew-blr"]
[Black "picturesquecheck"]
[Result "0-1"]
[WhiteElo "2641"]
[BlackElo "2442"]
[TimeControl "180+1"]
[EndTime "14:16:55 PDT"]
[Termination "picturesquecheck won by resignation"]

1. d4 Nf6 2. c4 e6 3. Nc3 Bb4 4. a3 Bxc3+ 5. bxc3 O-O 6. f3 b6 7. e4 Bb7 8. e5 Ne8 9. f4 d6 10. Nf3 Nd7 11. Bd3 g6 12. O-O Rc8 13. g4 c5 14. f5 exf5 15. gxf5 dxe5 16. Nxe5 Nxe5 17. dxe5 Qc7 18. Bf4 Qc6 19. Qe2 Rd8 20. Rad1 Ng7 21. f6 Ne6 22. Bg3 Rfe8 23. Kf2 Ng5 24. Ke1 Nf3+ 25.
Kf2 h5 26. Qe3 Nxh2 27. Bxh2 Qg2+ 28. Ke1 Qxh2 29. Be2 Rxd1+ 30. Kxd1 Qxe5 31. Qh6 Qxe2+ 32. Kc1 Qxf1+ 33. Kb2 Qxf6 34. Kb3 Qg7 35. Qe3 b5 0-1

[Event "Late-Titled-Tuesday-Blitz-June-04-2024"]
[Site "Chess.com"]
[Date "2024.06.04"]
[Round "2"]
[White "CDOEspiao"]
[Black "Kostukov_Alex"]
[Result "1-0"]
[WhiteElo "2521"]
[BlackElo "2307"]
[TimeControl "180+1"]
[EndTime "14:16:56 PDT"]
[Termination "CDOEspiao won on time"]

1. d4 g6 2. c4 Bg7 3. Nc3 d6 4. e4 e5 5. Nf3 exd4 6. Nxd4 Nc6 7. Nc2 Nge7 8. Be2 O-O 9. O-O f5 10. Bg5 h6 11. Bd2 f4 12. f3 Be6 13. Be1 g5 14.
Rb1 Ne5 15. Nd5 N7g6 16. Nd4 Bf7 17. Nf5 c6 18. Nc3 Nxc4 19. Nxg7 Kxg7 20. Qd4+ Nge5 21. Bf2 Ne3 22. Bxe3 fxe3 23. Qxe3 Qb6 24. Qxb6 axb6 25. a3 b5 26. Rbd1 Rfd8 27. f4 Nc4 28. fxg5 Ne3 29. gxh6+ Kg6 30. Bh5+ Kxh5 31. Rxf7 Nxd1 32. Nxd1 Kxh6 33.
Rxb7 Re8 34. Nc3 Rab8 35. Rd7 Red8 36. Rf7 c5 37. Nd5 b4 38. axb4 cxb4 39. Rf6+ Kg7 40.
g4 b3 41. g5 Rf8 42. Rxd6 Rbe8 43. Nf6 Re5 44. h4 Rh8 45. Rd7+ Kg6 46. Rd6 Rxh4 47. Nd7+ Kxg5 48. Nxe5 Kf4 49. Ng6+ 1-0

[Event "Late-Titled-Tuesday-Blitz-June-04-2024"]
[Site "Chess.com"]
[Date "2024.06.04"]
[Round "2"]
[White "shirovin"]
[Black "Supelyel"]
[Result "0-1"]
[WhiteElo "2098"]
[BlackElo "2435"]
[TimeControl "180+1"]
[EndTime "14:16:56 PDT"]
[Termination "Supelyel won on time"]

1. e4 d6 2. d4 Nf6 3. Nc3 e5 4. Nf3 Nbd7 5. g4 Nxg4 6. Rg1 Ngf6 7. Be3 h6 8. Qd2 c6 9. O-O-O b5 10. dxe5 b4 11. exf6 bxc3 12. Qxc3 Qxf6 13. Bd4 Qf4+ 14. Kb1 f6 15. Bc4 c5 16. Bd5 Rb8 17. Rg3 cxd4 18. Nxd4 Nc5 19. Nc6 Rb6 20. b3 Bb7 21. Nd4 g5 22.
Re3 Be7 23. Ne6 Qe5 24. Nc7+ Kd7 0-1

[Event "Late-Titled-Tuesday-Blitz-June-04-2024"]
[Site "Chess.com"]
[Date "2024.06.04"]
[Round "2"]
[White "enestnrvrd"]
[Black "yoelpolanco"]
[Result "1-0"]
[WhiteElo "2659"]
[BlackElo "2373"]
[TimeControl "180+1"]
[EndTime "14:16:58 PDT"]
[Termination "enestnrvrd won on time"]

1. e4 e5 2. Bc4 Nf6 3. d3 Be7 4.
Nf3 d6 5. O-O O-O 6. Re1 c6 7.
a4 b6 8. Nc3 a6 9. h3 Nbd7 10.
Ba2 Bb7 11. Nh4 d5 12. Nf5 Bb4 13. Bd2 Bc5 14. Qf3 d4 15. Ne2 Re8 16. Qg3 Nh5 17. Qg4 Ndf6 18. Qh4 Rf8 19. Neg3 Nxg3 20. Qxg3 g6 21.
Nh6+ Kg7 22. Qxe5 Bd6 23. Qg5 Nh5 24. Nf5+ Kg8 25. Nxd6 Qxd6 26. e5 Qd8 27. e6 fxe6 28. Rxe6 Qxg5 29. Rxg6+ Kh8 30. Rxg5 Nf6 31. Re1 c5 32.
Re7 Bc6 33. a5 1-0

[Event "Late-Titled-Tuesday-Blitz-June-04-2024"]
[Site "Chess.com"]
[Date "2024.06.04"]
[Round "2"]
[White "HajiyevKanan"]
[Black "familijatop71"]
[Result "1-0"]
[WhiteElo "2515"]
[BlackElo "2294"]
[TimeControl "180+1"]
[EndTime "14:16:58 PDT"]
[Termination "HajiyevKanan won by resignation"]

1. d4 d5 2. Nf3 Nf6 3. c4 e6 4. cxd5 exd5 5. Nc3 c6 6. Qc2 Be7 7. Bf4 O-O 8. e3 Bd6 9. Bg5 h6 10. Bh4 Re8 11. Bd3 Nbd7 12. O-O Be7 13. Rab1 Ne4 14. Bxe7 Qxe7 15. b4 a6 16. a4 Ndf6 17.
Ne5 Bf5 18. b5 Nxc3 19. Qxc3 axb5 20. Bxf5 bxa4 21. Qb4 Qxb4 22. Rxb4 a3 23. Ra1 g6 24. Bd3 Ra7 25. Rb3 Rea8 26. f3 Ne8 27. Ra2 Kg7 28. Kf2 Nd6 29. h4 f5 30. Nd7 b5 31.
Nc5 Nc4 32. e4 fxe4 33. fxe4 Nb2 34. exd5 Nxd3+ 35. Nxd3 cxd5 36. Rxb5 Rf7+ 37. Ke3 Re8+ 38. Ne5 Rf1 39. Rb7+ Kg8 40. Rxa3 Re1+ 41. Kd2 Re4 42.
Raa7 Rc8 43. Rg7+ Kf8 44. Nxg6+ 1-0

[Event "Late-Titled-Tuesday-Blitz-June-04-2024"]
[Site "Chess.com"]
[Date "2024.06.04"]
[Round "2"]
[White "toninhojit"]
[Black "Naruna_Chan"]
[Result "0-1"]
[WhiteElo "2492"]
[BlackElo "2282"]
[TimeControl "180+1"]
[EndTime "14:16:58 PDT"]
[Termination "Naruna_Chan won by resignation"]

1. e4 c5 2. Nf3 Nc6 3. d4 cxd4 4. Nxd4 e6 5. Nc3 Bc5 6. Nb3 Bb6 7. Bf4 Nge7 8. Na4 Bc7 9. Bd6 O-O 10. Be2 Re8 11. O-O f5 12. Bf3 Ne5 13. Bxc7 Qxc7 14. Nc3 Nxf3+ 15. Qxf3 fxe4 16. Qxe4 d5 17. Qh4 e5 18.
Rfe1 Bf5 19. Qg5 Bxc2 20. Rxe5 Bxb3 21. axb3 Ng6 22. Rxd5 Re6 23. Rad1 Rae8 24. g3 Qf7 25. Rd8 Ne5 26. Rxe8+ Rxe8 27. Qc1 Nf3+ 28. Kg2 Ne5 29. Qc2 Qf3+ 30. Kg1 Ng4 31. Qd2 Rf8 32. Qd5+ Qxd5 33. Rxd5 Nxf2 34. Kg2 Ng4 35. Ne4 Ne3+ 0-1

[Event "Late-Titled-Tuesday-Blitz-June-04-2024"]
[Site "Chess.com"]
[Date "2024.06.04"]
[Round "2"]
[White "boguszp"]
[Black "Bond_7_7_7"]
[Result "0-1"]
[WhiteElo "1987"]
[BlackElo "2423"]
[TimeControl "180+1"]
[EndTime "14:16:58 PDT"]
[Termination "Bond_7_7_7 won on time"]

1. d4 d5 2. Nf3 Nf6 3. c4 e6 4. Nc3 Bb4 5. Bg5 h6 6. Bxf6 Qxf6 7. e3 O-O 8. Bd3 dxc4 9. Bxc4 c5 10. O-O cxd4 11.
Qxd4 Qe7 12. Rfd1 Nc6 13. Qg4 e5 14. Qg3 Be6 15. Nd5 Bxd5 16. Rxd5 Bd6 17. Rad1 Rad8 18. e4 Kh8 19. Nh4 Qf6 20. Nf5 Bc7 21. Rd7 Rxd7 22. Rxd7 Bb6 23. Qd3 Nd4 24. Rd6 Qg5 25. Qe3 Nxf5 26.
Qxg5 Nxd6 27. Qe7 Rd8 28. Bd5 Nxe4 29. Bb3 Nxf2 30. Kf1 f6 31. Qxd8+ Bxd8 32. Kxf2 Bb6+ 33. Kf3 Bd4 34. Bd5 Bxb2 35. Bxb7 f5 36. Bc8 g6 37. g4 e4+ 38. Ke3 Bc1+ 39. Ke2 f4 40. Bb7 e3 41. Kf3 g5 0-1

[Event "Late-Titled-Tuesday-Blitz-June-04-2024"]
[Site "Chess.com"]
[Date "2024.06.04"]
[Round "2"]
[White "jbking07"]
[Black "RichardLeyvaP"]
[Result "0-1"]
[WhiteElo "2379"]
[BlackElo "2707"]
[TimeControl "180+1"]
[EndTime "14:16:59 PDT"]
[Termination "RichardLeyvaP won on time"]

1. e4 e5 2. Nf3 Nc6 3. d4 exd4 4. Nxd4 Bc5 5. Nb3 Bb6 6. Nc3 Nf6 7. Qe2 O-O 8. Be3 Re8 9. f3 Bxe3 10. Qxe3 a5 11.
Bb5 Nb4 12. O-O-O c6 13. Be2 a4 14. Nd4 a3 15. b3 d5 16. g4 c5 17. Nf5 d4 18.
Qg5 Bxf5 19. gxf5 Nfd5 20. Qxd8 Nxc3 21. Qg5 f6 22. Qg2 Nbxa2+ 23. Kd2 Nxd1 24. Rxd1 Nc3 25. Rg1 Re7 26. Bc4+ Kh8 27. Ra1 b5 28. Be6 a2 29.
h4 Rd8 30. h5 h6 31. Rg1 Nb1+ 32. Ke2 a1=Q 33. Qg6 Qc3 34. Kf2 Qe3+ 35. Kg2 Qe2+ 36. Kg3 Nd2 37. Qg4 d3 38. Rg2 Qe3 39. cxd3 Rxd3 40.
Kh2 Nxf3+ 41. Kh3 Ng5+ 42. Kh2 Nxe4 0-1

[Event "Late-Titled-Tuesday-Blitz-June-04-2024"]
[Site "Chess.com"]
[Date "2024.06.04"]
[Round "2"]
[White "Harry_Rakkel"]
[Black "laskakid"]
[Result "1-0"]
[WhiteElo "2702"]
[BlackElo "2376"]
[TimeControl "180+1"]
[EndTime "14:17:00 PDT"]
[Termination "Harry_Rakkel won by resignation"]

1. c4 f5 2. d4 Nf6 3. Nc3 d6 4. Bg5 Nbd7 5. Qc2 g6 6. O-O-O c6 7. Nh3 e5 8. e4 h6 9. exf5 hxg5 10. Nxg5 exd4 11.
Ne6 Qb6 12. Rxd4 Bh6+ 13. Kb1 Ne5 14. c5 Qa5 15. Ra4 Qxa4 16. Nxa4 Bxe6 17. fxe6 O-O-O 18. e7 Rd7 19. cxd6 Rxd6 20. Be2 Rd2 21. Qc5 Rxe2 22.
Qxa7 Re8 23. Rd1 Nd5 24. Nb6+ Kc7 25. Nxd5+ cxd5 26. Qa5+ Kd7 27. Qb5+ Kxe7 28. Qxe2 Kf6 29. Rxd5 Re7 30. Rd6+ Kg7 31. Qe4 Bg5 32. f4 Nc6 33.
Qxg6+ Kf8 34. Qxg5 Re1+ 35. Kc2 Nb4+ 36. Kd2 1-0

[Event "Late-Titled-Tuesday-Blitz-June-04-2024"]
[Site "Chess.com"]
[Date "2024.06.04"]
[Round "2"]
[White "Zura_19"]
[Black "Polish_fighter3000"]
[Result "0-1"]
[WhiteElo "2623"]
[BlackElo "3073"]
[TimeControl "180+1"]
[EndTime "14:17:02 PDT"]
[Termination "Polish_fighter3000 won by resignation"]

1. d4 g6 2. Nf3 Bg7 3. e4 c6 4.
Nc3 d5 5. h3 dxe4 6. Nxe4 Nf6 7. Nxf6+ exf6 8. Bd3 O-O 9. O-O Re8 10. Be3 Be6 11. c4 Na6 12. a3 Qd7 13. Qc2 Rac8 14.
Rfd1 b5 15. Rac1 bxc4 16. Bxc4 Nc7 17. Bf4 Bf5 18. Qa4 Nd5 19. Bg3 Nb6 20. Qa6 Bh6 21. Rc3 Nxc4 22. Qxc4 Be4 23. Qa4 Bd5 24. Nh2 f5 25.
Be5 Re6 26. Nf1 f4 27. g3 fxg3 28. Bxg3 Rce8 29. Qb4 Re1 30. Rxe1 Rxe1 31. Be5 Qd8 32. Rg3 Rc1 33. b3 a5 34. Qb7 a4 35. Bc7 Qe8 36.
bxa4 Qe1 37. Qb8+ Bf8 0-1

[Event "Late-Titled-Tuesday-Blitz-June-04-2024"]
[Site "Chess.com"]
[Date "2024.06.04"]
[Round "2"]
[White "omer1997"]
[Black "cassoulet"]
[Result "0-1"]
[WhiteElo "2522"]
[BlackElo "2745"]
[TimeControl "180+1"]
[EndTime "14:17:03 PDT"]
[Termination "cassoulet won by resignation"]

1. e4 c5 2. Nf3 e6 3. g3 Nf6 4. Nc3 d5 5. exd5 exd5 6. d4 cxd4 7. Nxd4 Nc6 8. Bg2 Bc5 9. Nb3 Qe7+ 10. Qe2 Qxe2+ 11. Nxe2 Bb6 12. O-O O-O 13. Nf4 d4 14. Bd2 Bf5 15. Rac1 Rac8 16. Rfe1 Rfd8 17. h3 h6 18. Nd3 Nd5 19. Be4 Bxh3 20. Kh2 Bg4 21. Kg2 Nf6 22. Bf3 Bxf3+ 23. Kxf3 Rd5 24. Re2 a5 25. a4 Kf8 26. Rce1 Nd8 27. Ne5 Kg8 28. Bf4 g5 29. Bc1 Kg7 30. g4 Bc7 31. Nd3 Ne6 32.
Bd2 b6 33. Bc1 Bd6 34. Rh1 Kg6 35. Rhe1 Rc4 36. Ne5+ Bxe5 37. Rxe5 Rxe5 38. Rxe5 Rxc2 39. Rb5 Nc5 0-1

[Event "Late-Titled-Tuesday-Blitz-June-04-2024"]
[Site "Chess.com"]
[Date "2024.06.04"]
[Round "2"]
[White "yaguigor"]
[Black "zenitushka"]
[Result "0-1"]
[WhiteElo "2608"]
[BlackElo "2369"]
[TimeControl "180+1"]
[EndTime "14:17:04 PDT"]
[Termination "zenitushka won by resignation"]

1. e4 e6 2. d4 d5 3. Nc3 Bb4 4. e5 c5 5. a3 Bxc3+ 6. bxc3 Ne7 7. Qg4 Qc7 8. Qxg7 Rg8 9. Qxh7 cxd4 10. Ne2 Nbc6 11. f4 Bd7 12. h4 dxc3 13. h5 O-O-O 14. Qd3 d4 15. Rb1 Nf5 16. Rg1 f6 17. g4 fxe5 18.
gxf5 exf5 19. fxe5 Nxe5 20. Qh3 f4 21. Qh1 Bc6 22.
Qh3+ Bd7 23. Qh1 d3 24. Rxg8 d2+ 25. Bxd2 cxd2+ 26. Kd1 Rxg8 27. Nxf4 Ng4 28. Qd5 Ne3+ 0-1

[Event "Late-Titled-Tuesday-Blitz-June-04-2024"]
[Site "Chess.com"]
[Date "2024.06.04"]
[Round "2"]
[White "denizozen"]
[Black "YurasovMat-2012"]
[Result "1-0"]
[WhiteElo "2931"]
[BlackElo "2598"]
[TimeControl "180+1"]
[EndTime "14:17:05 PDT"]
[Termination "denizozen won by resignation"]

1. e4 e5 2. Nf3 Nf6 3. Nc3 Bb4 4. Nxe5 O-O 5. Nd3 Bxc3 6. dxc3 Nxe4 7. Be2 d5 8. Nf4 c6 9. O-O Nd7 10. c4 Ndf6 11.
cxd5 cxd5 12. Be3 Bf5 13. Bd4 Rc8 14. c3 Re8 15. Bf3 Qd6 16. g3 Ng5 17. Bxf6 Nxf3+ 18. Qxf3 Be4 19. Qh5 Qxf6 20. Nxd5 Qc6 21. Ne3 Bf3 22. Qg5 h6 23. Qf4 Re6 24. Nf5 g5 25. Qd4 f6 26.
Ne3 Bh1 27. f3 Bxf3 28. c4 Re4 29. Qd5+ Qxd5 30. Nxd5 g4 31. Nxf6+ Kg7 32. Nxe4 Bxe4 33. Rae1 Bf3 34. b3 Rd8 35. Rf2 h5 36. Rc2 Kf6 37. c5 Kf5 38. b4 h4 39. gxh4 a6 40. a4 Rd4 41. b5 axb5 42. axb5 g3 43. hxg3 Kg4 44. Kf2 Bd5 45. c6 bxc6 46. bxc6 Rd3 47. Re3 Rd1 48. c7 1-0

[Event "Late-Titled-Tuesday-Blitz-June-04-2024"]
[Site "Chess.com"]
[Date "2024.06.04"]
[Round "2"]
[White "emeli_chess"]
[Black "stolencandy13"]
[Result "0-1"]
[WhiteElo "2369"]
[BlackElo "2629"]
[TimeControl "180+1"]
[EndTime "14:17:05 PDT"]
[Termination "stolencandy13 won by resignation"]

1. d4 Nf6 2. c4 c5 3. d5 e6 4. Nc3 exd5 5. cxd5 d6 6. Nf3 g6 7. h3 a6 8. a4 Bg7 9. e4 Nbd7 10. Bd3 Nh5 11. O-O Ne5 12. Nxe5 Bxe5 13. f4 Bd4+ 14. Kh2 Qh4 15. Qf3 f5 16. Be3 Bxe3 17. Qxe3 O-O 18.
e5 dxe5 19. fxe5 f4 20. Qf2 Qg5 21. Rae1 f3 22. e6 Bxe6 23. dxe6 fxg2 24. Qxg2 Qe7 25. Rf7 Qd6+ 26. Kg1 Qxd3 27. Nd5 Qd4+ 28. Kh2 Rxf7 29. exf7+ Kxf7 30. Qf3+ Kg7 31. Re7+ Kh6 32. Qe3+ Qxe3 33.
Nxe3 b5 34. h4 Nf6 35. a5 Re8 36. Rxe8 Nxe8 37. Nd5 g5 38. Kg3 gxh4+ 39. Kxh4 Kg6 40. Kg4 Nf6+ 41. Nxf6 Kxf6 42. Kf4 h5 0-1

[Event "Late-Titled-Tuesday-Blitz-June-04-2024"]
[Site "Chess.com"]
[Date "2024.06.04"]
[Round "2"]
[White "Chessdemon2019"]
[Black "gamboajp"]
[Result "0-1"]
[WhiteElo "2413"]
[BlackElo "2070"]
[TimeControl "180+1"]
[EndTime "14:17:11 PDT"]
[Termination "gamboajp won by resignation"]

1. e4 e6 2. d4 d5 3. Nd2 c5 4. exd5 Qxd5 5. Ngf3 cxd4 6. Bc4 Qd6 7. Nb3 Nf6 8.
Nbxd4 Qb4+ 9. Nd2 a6 10. c3 Qd6 11. a4 Bd7 12. O-O Nc6 13. N2f3 Nxd4 14. Nxd4 Qc7 15. Qb3 Bd6 16. h3 Rc8 17. Bd3 h6 18. Bd2 O-O 19. Rae1 Rfe8 20. f4 Nd5 21. f5 Bc5 22. fxe6 Bxe6 23.
Qd1 Bxd4+ 24. cxd4 Qg3 25. Rf3 Qh4 26. Ref1 Qxd4+ 27.
Kh1 Qxb2 28. Rg3 Kh8 29. Bxh6 gxh6 30. Qh5 Qd2 31. Qh4 Rc1 32. Qd4+ f6 33. Rxc1 Qxc1+ 34. Kh2 Qf4 35. Qc5 Rg8 0-1

[Event "Late-Titled-Tuesday-Blitz-June-04-2024"]
[Site "Chess.com"]
[Date "2024.06.04"]
[Round "2"]
[White "grzechu96"]
[Black "yobdc"]
[Result "1-0"]
[WhiteElo "2800"]
[BlackElo "2537"]
[TimeControl "180+1"]
[EndTime "14:17:13 PDT"]
[Termination "grzechu96 won by resignation"]

1. e4 e6 2. d4 d5 3. e5 c5 4. c3 Bd7 5. Nf3 Nc6 6. Be2 f6 7. O-O Qc7 8. Bf4 Nge7 9. Re1 Ng6 10. Bg3 f5 11. h4 Be7 12. h5 Nf8 13. c4 Nxd4 14.
Nxd4 cxd4 15. cxd5 f4 16. d6 Bxd6 17. exd6 Qxd6 18.
Bh2 e5 19. Nd2 Ne6 20. Nc4 Qc7 21. Bf1 O-O 22. Nxe5 Rae8 23. Nxd7 Qxd7 24. Bc4 Kh8 25. Qg4 Rf6 26. Bxf4 Rxf4 27. Bxe6 Qc7 28. Qg3 Ref8 29. Bd5 Qa5 30. Bf3 Qf5 31. Rad1 d3 32. Rxd3 h6 33.
Rde3 Qf7 34. Qg6 Qc7 35. Re8 Rf7 36. Rxf8+ Rxf8 37. Be4 1-0

[Event "Late-Titled-Tuesday-Blitz-June-04-2024"]
[Site "Chess.com"]
[Date "2024.06.04"]
[Round "2"]
[White "ManMish2"]
[Black "scrambleyourbrain"]
[Result "0-1"]
[WhiteElo "2644"]
[BlackElo "2390"]
[TimeControl "180+1"]
[EndTime "14:17:13 PDT"]
[Termination "scrambleyourbrain won on time"]

1. e4 e5 2. Nf3 Nc6 3. Bb5 a6 4. Ba4 Nf6 5. O-O Be7 6. Re1 b5 7. Bb3 d6 8. c3 O-O 9. d3 Na5 10. Bc2 c5 11. Nbd2 Qc7 12. Nf1 Rd8 13. Ng3 Bf8 14. Bg5 Be7 15. d4 h6 16. Bc1 cxd4 17.
cxd4 Nc6 18. d5 Nb4 19. Bb3 a5 20. a3 Na6 21. h3 Nc5 22. Bc2 Bd7 23. Be3 Bf8 24. Qd2 Rab8 25. b4 axb4 26. axb4 Na4 27. Bd3 Nb6 28. Qe2 Rdc8 29. Nh4 Nc4 30. Rec1 Qd8 31.
Nhf5 Nxe3 32. Qxe3 Rxc1+ 33. Rxc1 Rc8 34. Rxc8 Qxc8 35.
Qd2 Kh7 36. Kh2 g6 37. Ne3 Ne8 38. Nd1 Nc7 39. Nc3 Kg8 40. h4 f5 41. exf5 gxf5 42. f3 Bg7 43. Nd1 Qd8 44. Kh3 f4+ 45.
Nf5 Nxd5 0-1

[Event "Late-Titled-Tuesday-Blitz-June-04-2024"]
[Site "Chess.com"]
[Date "2024.06.04"]
[Round "2"]
[White "Synctel"]
[Black "Kielinkei"]
[Result "0-1"]
[WhiteElo "2064"]
[BlackElo "2434"]
[TimeControl "180+1"]
[EndTime "14:17:13 PDT"]
[Termination "Kielinkei won on time"]

1. d4 Nf6 2. Nf3 e6 3. e3 d5 4. Bd3 c5 5. c3 Nc6 6. Nbd2 Bd6 7.
O-O O-O 8. Qe2 cxd4 9. exd4 Qc7 10. Re1 b6 11. Ne5 Bb7 12. f4 Ne7 13. g4 g6 14.
Nf1 Ne4 15. Ng3 f5 16. g5 Bxe5 17. fxe5 a5 18. h4 Qc8 19. Qf3 Ba6 20. Ne2 Bxd3 21. Qxd3 f4 22. Nxf4 Nf5 23. Rxe4 dxe4 24. Qxe4 Nxh4 25.
Be3 Nf5 26. Bf2 Ra7 27. d5 exd5 28. Nxd5 Qe6 29. Bxb6 Ra6 30. Bd4 Ng3 31. Qg2 Nf5 32. Nf6+ Kh8 33. Rf1 Rf7 0-1

[Event "Late-Titled-Tuesday-Blitz-June-04-2024"]
[Site "Chess.com"]
[Date "2024.06.04"]
[Round "2"]
[White "NovakRatko"]
[Black "Flawless_Fighter"]
[Result "0-1"]
[WhiteElo "2308"]
[BlackElo "2674"]
[TimeControl "180+1"]
[EndTime "14:17:16 PDT"]
[Termination "Flawless_Fighter won on time"]

1. d4 Nf6 2. c4 e6 3. Bg5 Be7 4. Nc3 h6 5. Bxf6 Bxf6 6. e4 g6 7. e5 Bg7 8. f4 d6 9. Nf3 c5 10. dxc5 dxc5 11. Qxd8+ Kxd8 12. Nb5 Bd7 13. Nd6 Ke7 14.
Nxb7 Rc8 15. Nd6 Rc7 16. Rd1 Bc6 17. Be2 Nd7 18. O-O Rb8 19. b3 a5 20. Nb5 Bxb5 21.
cxb5 Nb6 22. Rd6 Nd5 23. g3 Nc3 24. Bc4 Nxb5 25. Bxb5 Rxb5 26. Rc1 g5 27. Ra6 gxf4 28.
gxf4 h5 29. Nd4 Rbb7 30. Nc6+ Ke8 31. Ra8+ Kd7 32. Nb8+ Ke7 33. Na6 Rc6 34. Rxc5 Rbb6 35. Ra7+ Kf8 36. Ra8+ Ke7 37. Rxc6 Rxc6 38. Ra7+ Kf8 39. Nb8 Rc1+ 40. Kg2 Rc2+ 41. Kg3 Rxa2 42. Nd7+ Kg8 43. Nc5 Ra3 44. Ra8+ Kh7 45. Ra7 Kg6 46.
Kh4 Bf8 0-1